AoeStats
← peterlin

Arena

510499035Analyzed
1v1 RM · 1d ago on Oct 1, 2026· 40m 18s· 2 players
Game mode
Random Map
Map size
Tiny (2 player)
Population
200
Speed
Normal
Resources
Standard
Victory
Conquest
Starting age
Dark Age
Ending age
Imperial Age
RankedLock teamsTeams togetherTeam positionsShared explorationLock speedFull tech treeHidden civsTurbo modeCheats
Victory
Defeat
🇹🇼 Sicilians · Taiwan
911
+18
🇭🇰 Koreans · Hong Kong SAR China
961
-18
cherripunji
0:26 Loom
11:19 Feudal Age
18:10 Castle Age
26:04 Double-Bit Axe
26:11 Horse Collar
35:57 Imperial Age
36:22 Bow Saw
36:32 Fletching
37:56 Cavalier
38:37 Husbandry
39:15 Conscription
39:28 Scale Barding Armor
peterlin
9:54 Feudal Age
10:17 Loom
12:19 Horse Collar
21:05 Castle Age
19:20 Stone Mining
29:51 Imperial Age
28:36 Gold Mining
30:47 Wheelbarrow
30:29 Elite Skirmisher
31:23 Double-Bit Axe
Connection lost

Rejoining the realm…

Still unreachable

The connection could not be restored.

Session expired

The server has moved on; the page needs a fresh start.